 Dungeon Crawl Stone Soup version 0.27.0-1-g7a089689b8 (webtiles) character file.

Game seed: 15826492106812454071

1236 hilljack the Skirmisher (level 8, -3/71 HPs)
             Began as a Minotaur Fighter on Aug 11, 2021.
             Slain by Pikel (5 damage)
             ... on level 5 of the Dungeon.
             The game lasted 00:07:57 (4402 turns).

hilljack the Skirmisher (Minotaur Fighter)          Turns: 4402, Time: 00:07:58

Health: -3/71      AC: 14    Str: 26    XL:     8   Next: 24%
Magic:  7/7        EV:  7    Int:  5    God:
Gold:   122        SH:  0    Dex: 11    Spells: 7/7 levels left

rFire    . . .     SeeInvis .   a - +1 trident
rCold    + . .     Faith    .   c - +0 kite shield
rNeg     . . .     Spirit   .   b - +4 chain mail "Ecae" {rC+ Str+4}
rPois    +         Reflect  .   (helmet restricted)
rElec    .         Harm     .   (no cloak)
rCorr    .         Rampage  .   (no gloves)
Will     .....                  (no boots)
Stlth    ..........             (no amulet)
HPRegen  0.21/turn              e - ring of poison resistance
MPRegen  0.10/turn              (no ring)

@: confused, ambrosia-drunk, attractive
A: horns 2, retaliatory headbutt
a: no special abilities


You were on level 5 of the Dungeon.
You visited 1 branch of the dungeon, and saw 5 of its levels.

You collected 135 gold pieces.
You spent 13 gold pieces at shops.

Inventory:

Hand Weapons
 a - a +1 trident (weapon)
Missiles
 i - 21 bolts
Armour
 b - the +4 chain mail "Ecae" (worn) {rC+ Str+4}
   (You found it on level 4 of the Dungeon)

   Str:       It affects your strength (+4).
   rC:        It protects you from cold.
 c - a +0 kite shield (worn)
Jewellery
 e - a ring of poison resistance (left hand)
 h - an amulet of faith
Scrolls
 g - 2 scrolls of teleportation
Potions
 d - a potion of flight
 f - a potion of ambrosia
 l - 2 potions of brilliance


   Skills:
 + Level 6.7 Fighting
 + Level 6.1 Polearms
 + Level 6.7 Armour
 - Level 2.6 Dodging
 + Level 6.7 Shields


You had 7 spell levels left.
You didn't know any spells.
Your spell library contained the following spells:

 Spells                   Type           Power      Damage    Failure   Level
 Animate Skeleton         Necr           0%         N/A       100%        1
 Apportation              Tloc           0%         N/A       100%        1
 Corona                   Hex            0%         N/A       100%        1
 Pain                     Necr           0%         1d4       100%        1
 Summon Small Mammal      Summ           0%         N/A       100%        1
 Vampiric Draining        Necr           0%         2d6       100%        3
 Blade Hands              Tmut           0%         N/A       100%        5
 Irradiate                Conj/Tmut      0%         3d13      100%        5
 Dragon Form              Tmut           0%         N/A       100%        7


Dungeon Overview and Level Annotations

Branches:
Dungeon (5/15)
 Temple: D:4-7

Altars:
Hepliaklqana
Sif Muna
Trog

Shops:
D:1 :   D:2 !

Annotations:
D:3 3 runed translucent doors, boopsy's ghost, weakling OgDe
D:5 Pikel


Innate Abilities, Weirdness & Mutations

You have a pair of horns on your head.
You reflexively headbutt those who attack you in melee.


Message History

The lemure hits you but does no damage.
You hit Pikel but do no damage.
Pikel is heavily wounded.
You block Pikel's attack. The lemure barely misses you. The lemure hits you.
Pikel hits you with a +1 whip of flaming.
Pikel burns you. The lemure completely misses you. You furiously retaliate!
You headbutt the lemure, but do no damage.
You hit Pikel but do no damage.
Pikel is heavily wounded.
The lemure hits you. x2; Pikel hits you but does no damage.
You hit Pikel. Your headbutt misses Pikel.
Pikel is heavily wounded.
You block the lemure's attack.
Pikel hits you with a +1 whip of flaming!
* * * LOW HITPOINT WARNING * * *
Pikel burns you.
* * * LOW HITPOINT WARNING * * *
The lemure hits you but does no damage.
You hit Pikel.
Pikel is severely wounded.
The lemure hits you.
* * * LOW HITPOINT WARNING * * *
You block the lemure's attack. Pikel barely misses you.
It was a potion of attraction.
You feel attractive to monsters. You block the lemure's attack.
The lemure barely misses you. Pikel hits you but does no damage.
You are confused.
You feel invigorated. The lemure hits you.
* * * LOW HITPOINT WARNING * * *
The lemure hits you.
* * * LOW HITPOINT WARNING * * *
Pikel closely misses you.
You hit the lemure.
The lemure is lightly wounded.
The lemure barely misses you.
Pikel hits you with a +1 whip of flaming!!
* * * LOW HITPOINT WARNING * * *
Pikel burns you.
You die...

...# ...# #############
...########......"....#
...+......'...........#
...###.####...........#
#'#<...# #...........#
#.##.### #...........#
#.###### #.....5K5...#
#......# #.....@5....#
######.# #########..##
######.# ##.# ....##.#
#.# ....##.# #ยง#
.......# #)# .......#
#)##### .......#
#K#5..# .......#
#55...#


You could see Pikel (strong) and 3 lemures.

Vanquished Creatures
  Grinder (D:5)
  Sigmund (D:2)
  An ogre (D:4)
  A phantom (D:5)
  A kobold brigand (D:3)
  A bullfrog (D:4)
  A howler monkey (D:4)
  A centaur zombie (D:5)
  A jelly (D:4)
  4 orc priests
  A hound (D:4)
  Jessica (D:2)
  An iguana (D:5)
  3 orc wizards
  A hound skeleton (D:4)
  7 adders
  2 ufetubi
  4 worms
  2 dart slugs
  11 orcs
  5 bats
  6 endoplasms
  5 giant cockroaches
  10 hobgoblins
  9 jackals
  8 kobolds
  3 quokkas
  4 ball pythons
  2 frilled lizards
  7 goblins
  8 rats
113 creatures vanquished.

Vanquished Creatures (others)
  A rat (D:3)
  A fungus (D:3)
2 creatures vanquished.

Grand Total: 115 creatures vanquished

Notes
Turn   | Place    | Note
-------+----------+-------------------------------------------
     0 | D:1      | hilljack the Minotaur Fighter began the quest for the Orb.
     0 | D:1      | Reached XP level 1. HP: 19/19 MP: 0/0
    97 | D:1      | Reached XP level 2. HP: 27/27 MP: 1/1
   341 | D:1      | Reached skill level 1 in Dodging
   370 | D:1      | Found Macs's Book Emporium.
   644 | D:1      | Reached XP level 3. HP: 33/33 MP: 2/2
  1016 | D:2      | Found Nidiw's Distillery.
  1022 | D:2      | Bought a potion of degeneration for 13 gold pieces
  1349 | D:2      | Noticed Sigmund
  1868 | D:2      | Found a shimmering blue altar of Sif Muna.
  1912 | D:3      | Reached XP level 4. HP: 40/40 MP: 3/3
  1936 | D:3      | Found a faded altar of an unknown god.
  2059 | D:3      | Noticed boopsy's ghost (weakling OgDe)
  2288 | D:3      | Reached XP level 5. HP: 28/47 MP: 4/4
  2490 | D:3      | Found a runed translucent gate.
  2490 | D:3      | Found a runed translucent gate.
  2515 | D:3      | Noticed a moth of wrath
  2518 | D:3      | Found a bloodstained altar of Trog.
  2638 | D:3      | Found a runed translucent gate.
  2809 | D:3      | Found a shimmering blue altar of Sif Muna.
  2809 | D:3      | Found a hazy altar of Hepliaklqana.
  2952 | D:4      | Reached XP level 6. HP: 48/55 MP: 5/5
  3097 | D:4      | Identified the +4 chain mail "Ecae" {rC+ Str+4}
  3153 | D:4      | Reached skill level 5 in Fighting
  3195 | D:4      | Reached skill level 5 in Armour
  3195 | D:4      | Reached skill level 5 in Shields
  3792 | D:2      | Noticed Jessica
  3797 | D:2      | Killed Jessica
  3798 | D:2      | Reached XP level 7. HP: 61/61 MP: 6/6
  3835 | D:2      | Killed Sigmund
  3836 | D:2      | Reached skill level 5 in Polearms
  4028 | D:5      | Entered Level 5 of the Dungeon
  4150 | D:5      | Noticed Grinder
  4171 | D:5      | Killed Grinder
  4172 | D:5      | Reached XP level 8. HP: 71/71 MP: 7/7
  4367 | D:5      | Noticed Pikel
  4402 | D:5      | HP: 2/71 [Pikel (18)]
  4402 | D:5      | Slain by Pikel

Illustrated notes

Levels and vault maps discovered:
D:1:      dpeg_arrival_brainrot, layout_basic, serial_shops,
          nicolae_square_shop, kennysheep_doodads
D:2:      minmay_recursive_quarters, layout_basic, basic_altar, serial_shops,
          nicolae_shop_waterfront, uniq_jessica, uniq_sigmund
D:3:      layout_basic, tgw_trog, gammafunk_temple_overflow_wave,
          gammafunk_ghost_split, shapermc_ecumenical_altar_gd
D:4:      layout_cave_pools, serial_rivers, chequers_serial_rivers_micro_c,
          chequers_serial_rivers_room_b, chequers_serial_rivers_micro_e,
          chequers_serial_rivers_micro_e, chequers_serial_rivers_micro_a,
          chequers_serial_rivers_micro_a, minmay_distorted
D:5:      layout_basic, minitemple, grunt_ministairs_15,
          kennysheep_generic_room_9, uniq_grinder, uniq_pikel

Skill      XL: |  1  2  3  4  5  6  7  8 |
---------------+-------------------------+-----
Dodging        | 1 2 |  2.6
Armour         | 4 5 6 |  6.7
Shields        | 4 5 6 |  6.7
Fighting       | 4 5 6 |  6.7
Polearms       | 3 4 5 6 |  6.1

Action                   |  1- 3 |  4- 6 |  7- 9 || total
-------------------------+-------+-------+-------++-------
Melee: Trident           |   125 |   139 |    75 ||   339
       Headbutt          |    24 |    16 |    13 ||    53
  Use: Potion            |     2 |       |     2 ||     4
       Scroll            |     1 |     5 |     2 ||     8
Armor: Scale mail        |    63 |    45 |       ||   108
       Chain mail        |       |     8 |    55 ||    63
       Plate armour      |       |     4 |       ||     4
Dodge: Dodged            |    52 |    43 |    21 ||   116
Block: Kite shield       |    67 |    50 |    48 ||   165
